 Dungeon Crawl Stone Soup version 0.27-a0-498-g7ecbb0a48f (webtiles) character file.

Game seed: 8036272578112250866

1548998 mandarbmax the Middleweight Champion (level 27, 409/409 HPs)
             Began as a Minotaur Transmuter on Feb 28, 2021.
             Was the Champion of Cheibriados.
             Escaped with the Orb
             ... and 3 runes on Mar 3, 2021!
             The game lasted 06:28:12 (90248 turns).

mandarbmax the Middleweight Champion (MiTm)        Turns: 90248, Time: 06:28:12

Health: 409/409    AC: 17    Str: 44    XL:     27
Magic:  36/36      EV: 45    Int: 36    God:    Cheibriados [******]
Gold:   984        SH:  0    Dex: 42    Spells: 15/46 levels left

rFire    + + .     SeeInvis +     - Unarmed
rCold    x . .     Faith    .   (shield currently unavailable)
rNeg     . . .     Spirit   +   (armour currently unavailable)
rPois    +         Reflect  .   (helmet currently unavailable)
rElec    .         Harm     .   (cloak currently unavailable)
rCorr    .         Rampage  .   (gloves currently unavailable)
Will     +++..                  (boots currently unavailable)
Stlth    ++........             V - amulet of Undoing {Spirit Str+3 Dex+5}
HPRegen  0.78/turn              M - ring of the Octopus King {MP+9 AC+1 EV+1 Str+1 Int+1 Dex+1}
MPRegen  0.25/turn              y - ring "Ceoniucsys" {Will+ MP-9 Int+5 Dex+6}

@: dragon-form, flying, studying 2 skills, very slow
A: giant, repulsion field 1, see invisible, dopey 1, weak 1, MP-powered wands
0: Orb of Zot
}: 3/15 runes: decaying, silver, gossamer
a: Breathe Fire, Stop Flying, End Transformation, Renounce Religion, Bend Time,
Temporal Distortion, Slouch, Step From Time


You escaped.
You worshipped Cheibriados.
Cheibriados was exalted by your worship.
You were a fearsome dragon!
You visited 9 branches of the dungeon, and saw 49 of its levels.
You visited the Abyss 1 time.
You visited 1 bazaar.
You also visited: Sewer, Bailey, Ice Cave and Desolation.

You collected 8412 gold pieces.
You spent 7428 gold pieces at shops.

Inventory:

Hand Weapons
 a - the +9 longbow "Ganguin" (melded) {venom, +Fly rElec}
   (You acquired it on level 14 of the Dungeon)

   It poisons the ammo it fires.
   It insulates you from electricity.
   It lets you fly.
Missiles
 o - 1085 arrows
 C - 4 throwing nets (quivered)
Armour
 d - a +2 pair of boots (melded)
 l - a +2 robe of resistance (melded)
 m - the +1 cloak of Starlight (melded) {*Dazzle EV+4 Stlth--}
   (You bought it in a shop on level 2 of the Orcish Mines)

   It affects your evasion (+4).
   It makes you much less stealthy.
 I - a +1 pair of gloves (melded)
 W - a +2 hat of willpower (melded)
Jewellery
 y - the ring "Ceoniucsys" (right foreclaw) {Will+ MP-9 Int+5 Dex+6}
   (You took it off a deep elf zephyrmancer on level 1 of the Elven Halls)

   [ring of willpower]

   It affects your intelligence (+5).
   It affects your dexterity (+6).
   It affects your willpower, your defense against some magical effects.
   It affects your magic capacity (-9).
 H - the ring of Cosethraa {*Corrode rElec rPois rF++ rC+}
   (You found it on level 3 of the Depths)

   [ring of protection from cold]

   It greatly protects you from fire.
   It protects you from cold.
   It insulates you from electricity.
   It protects you from poison.
   It may corrode you when you take damage.
 J - the amulet of the Glimmering Pariah {*Drain +Blink Will+ Regen+ Int+9}
   (You took it off a deep elf death mage on level 3 of the Elven Halls)

   [amulet of regeneration]

   It affects your intelligence (+9).
   It affects your willpower, your defense against some magical effects.
   It lets you blink.
   It increases your rate of regeneration.
   It causes draining when unequipped.
 M - a ring of the Octopus King (left foreclaw) {MP+9 AC+1 EV+1 Str+1 Int+1 Dex+1}
   (You bought it in a shop on level 9 of the Dungeon)

   [ring of magical power]

   It affects your AC (+1).
   It affects your evasion (+1).
   It affects your strength (+1).
   It affects your intelligence (+1).
   It affects your dexterity (+1).
   It affects your magic capacity (+9).
 V - the amulet of Undoing (around neck) {Spirit Str+3 Dex+5}
   (You found it on level 1 of the Swamp)

   [amulet of guardian spirit]

   It causes incoming damage to be split between your health and magic.
   It affects your strength (+3).
   It affects your dexterity (+5).
Wands
 k - a wand of acid (43)
 s - a wand of paralysis (35)
 x - a wand of iceblast (58)
 A - a wand of digging (26)
 B - a wand of mindburst (30)
 O - a wand of polymorph (42)
 T - a wand of charming (47)
Scrolls
 b - 5 scrolls of amnesia
 f - 31 scrolls of teleportation
 j - 4 scrolls of magic mapping
 z - 10 scrolls of fear
 F - 2 scrolls of summoning
 N - a scroll of enchant armour
 P - 2 scrolls of blinking
 U - 5 scrolls of fog
 X - 3 scrolls of holy word
Potions
 c - 3 potions of ambrosia
 e - a potion of invisibility
 h - 5 potions of might
 i - 13 potions of lignification
 n - 9 potions of heal wounds
 q - 2 potions of magic
 r - 2 potions of mutation
 t - 7 potions of flight
 w - 10 potions of curing
 D - a potion of resistance
 E - 6 potions of brilliance
 K - 2 potions of attraction
 Y - 3 potions of cancellation
Miscellaneous
 g - a tin of tremorstones (2/2)
 u - a box of beasts
 v - a lightning rod (4/4)
 G - a condenser vane
 S - a phantom mirror


   Skills:
 O Level 27 Fighting
 - Level 12.0 Bows
 + Level 23.1 Dodging
 - Level 7.0 Stealth
 O Level 27 Unarmed Combat
 - Level 10.2 Spellcasting
 - Level 10.0 Translocations
 - Level 12.0 Transmutations
 - Level 8.0 Ice Magic
 - Level 6.0 Earth Magic
 - Level 16.1 Invocations
 - Level 6.0 Evocations


You had 15 spell levels left.
You knew the following spells:

 Your Spells              Type           Power        Failure   Level
a - Dragon Form           Tmut           40%          14%         7
b - Wereblood             Tmut           81%          1%          2
c - Ozocubu's Armour      Ice            66%          1%          3
d - Blink                 Tloc           N/A          1%          2
e - Blade Hands           Tmut           40%          1%          5
f - Manifold Assault      Tloc           74%          1%          4
g - Passwall              Tmut/Erth      58%          1%          2
h - Statue Form           Tmut/Erth      46%          9%          6

Your spell library contained the following spells:

 Spells                   Type           Power        Failure   Level
 Beastly Appendage        Tmut           100%         0%          1
 Freeze                   Ice            100%         1%          1
 Sting                    Tmut/Pois      100%         1%          1
 Frozen Ramparts          Ice            100%         1%          3
 Gell's Gravitas          Tloc           37%          1%          3
 Ignite Poison            Fire/Tmut/Pois 47%          1%          3
 Lesser Beckoning         Tloc           37%          1%          3
 Spider Form              Tmut/Pois      28%          1%          3
 Teleport Other           Tloc           74%          1%          3
 Ice Form                 Ice/Tmut       74%          1%          4
 Petrify                  Tmut/Erth      70%          1%          4
 Animate Skeleton         Necr           36%          2%          1
 Foxfire                  Conj/Fire      72%          2%          1
 Magic Dart               Conj           72%          2%          1
 Pain                     Necr           72%          2%          1
 Hydra Form               Tmut           40%          2%          6
 Poisonous Vapours        Pois/Air       36%          3%          2
 Searing Ray              Conj           36%          3%          2
 Sublimation of Blood     Necr           9%           3%          2
 Iskenderun's Mystic Bla  Conj/Tloc      53%          3%          4
 Hailstorm                Conj/Ice       47%          4%          4
 Summon Ice Beast         Ice/Summ       47%          4%          4
 Alistair's Intoxication  Tmut/Pois      38%          5%          5
 Irradiate                Conj/Tmut      28%          5%          5
 Yara's Violent Unravell  Hex/Tmut       28%          5%          5
 Dispersal                Tloc           37%          6%          6
 Call Canine Familiar     Summ           18%          7%          3
 Confusing Touch          Hex            18%          7%          3
 Conjure Flame            Conj/Fire      18%          7%          3
 Dazzling Flash           Conj/Hex       36%          7%          3
 Inner Flame              Hex/Fire       18%          7%          3
 Mephitic Cloud           Conj/Pois/Air  18%          7%          3
 Static Discharge         Conj/Air       18%          7%          3
 Vampiric Draining        Necr           9%           7%          3
 Animate Armour           Summ/Erth      78%          7%          4
 Leda's Liquefaction      Hex/Erth       19%          7%          4
 Summon Forest            Summ/Tloc      26%          9%          5
 Animate Dead             Necr           9%           22%         4
 Cause Fear               Hex            9%           22%         4
 Dispel Undead            Necr           18%          22%         4
 Fulminant Prism          Conj/Hex       9%           22%         4
 Olgreb's Toxic Radiance  Pois           18%          22%         4
 Sticky Flame             Conj/Fire      18%          22%         4
 Summon Lightning Spire   Summ/Air       18%          22%         4
 Bolt of Magma            Conj/Fire/Erth 16%          28%         5
 Eringya's Noxious Bog    Tmut/Pois      28%          30%         6
 Agony                    Necr           18%          54%         5
 Iskenderun's Battlesphe  Conj           18%          54%         5
 Lightning Bolt           Conj/Air       9%           54%         5
 Silence                  Hex/Air        9%           54%         5
 Summon Mana Viper        Hex/Summ       18%          54%         5
 Simulacrum               Ice/Necr       23%          56%         6
 Ozocubu's Refrigeration  Ice            33%          58%         7
 Iron Shot                Conj/Erth      19%          71%         6
 Freezing Cloud           Conj/Ice/Air   18%          75%         6
 Disjunction              Tloc           37%          94%         8
 Conjure Ball Lightning   Conj/Air       9%           98%         6
 Death Channel            Necr           9%           98%         6
 Shadow Creatures         Summ           N/A          98%         6
 Starburst                Conj/Fire      9%           98%         6
 Orb of Destruction       Conj           9%           100%        7
 Spellforged Servitor     Conj/Summ      9%           100%        7
 Summon Hydra             Summ           9%           100%        7
 Chain Lightning          Conj/Air       9%           100%        8
 Discord                  Hex            9%           100%        8
 Ignition                 Fire           9%           100%        8
 Lehudib's Crystal Spear  Conj/Erth      19%          100%        8
 Absolute Zero            Ice            33%          100%        9
 Dragon's Call            Summ           9%           100%        9
 Fire Storm               Conj/Fire      9%           100%        9
 Shatter                  Erth           28%          100%        9
 Tornado                  Air            9%           100%        9


Dungeon Overview and Level Annotations

Branches:
Dungeon (15/15)            Temple (0/1) D:6            Lair (6/6) D:8
  Swamp (4/4) Lair:2       Spider (4/4) Lair:3        Slime (0/5) Lair:6
    Orc (2/2) D:11            Elf (3/3) Orc:2        Vaults (5/5) D:14
  Crypt (0/3) Vaults:2     Depths (5/5) D:15            Zot (5/5) Depths:5
  Sewer (visited)          Bailey (visited)           IceCv (visited)
Desolation (visited)

Altars:
Ashenzari
Cheibriados
Dithmenos
Elyvilon
Fedhas
Nemelex Xobeh
Ru
Sif Muna
Trog
Uskayaw
Wu Jian
Xom
Zin
Beogh
Jiyva

Shops:
D:7 *   D:9 (=[[=   Orc:1 ?   Orc:2 *=[(   Elf:1 (   Elf:3 !(=(:   Vaults:3 [
Vaults:4 (   Depths:5 [!

Portals:
Hell: Depths:1 Depths:2 Depths:3 Depths:4 Depths:5
Abyss: Depths:4
Pandemonium: Depths:3
Ziggurat: Depths:4

Annotations:
Lair:3 exclusion: 2 oklob plants
Vaults:4 SpeedRobin's ghost, adept DDFi


Innate Abilities, Weirdness & Mutations

((You have a pair of horns on your head.))
((You reflexively headbutt those who attack you in melee.))
You are surrounded by a mild repulsion field. (EV +2)
((You are partially covered in icy blue scales. (AC +2)))
((You are partially covered in molten scales. (AC +2)))
You have supernaturally acute eyesight. (SInv)
You are dopey. (Int -2)
((Your system is resistant to poisons. (rPois)))
You are weak. (Str -2)
You expend magic power (3 MP) to strengthen your wands.


Message History

You kill the golden eye!
Cheibriados thoroughly appreciates the change of pace.
The golden eye blinks at you. You resist with almost no effort.
Unknown command.
Unknown command.
You closely miss the golden eye.
Your tail-slap misses the golden eye.
Your bite misses the golden eye.
You maul the golden eye!!!!
You kill the golden eye!
Cheibriados thoroughly appreciates the change of pace.
(D) Dungeon (T) Temple (L) Lair (S) Swamp (N) Spider Nest (M) Slime Pits (O) Orcish Mines (E) Elven Halls (V) Vaults (C) Crypt (U) Depths (H) Hell (Z) Zot
Where to? (Enter - D:1 @ (x,y), ? - help)
Okay, then.
(D) Dungeon (T) Temple (L) Lair (S) Swamp (N) Spider Nest (M) Slime Pits (O) Orcish Mines (E) Elven Halls (V) Vaults (C) Crypt (U) Depths (H) Hell (Z) Zot
Where to? (Enter - D:1 @ (x,y), ? - help)
Things that are here:
2 stones; a +0 club
Things that are here:
a stone; a +0 short sword
There is an open door here.
You see here a +0 robe.
Magic restored.
An Orb Guardian comes into view.
There is an open door here.
The Orb Guardian completely misses you.
You hit the Orb Guardian but do no damage.
You tail-slap the Orb Guardian, but do no damage.
The Orb Guardian completely misses you.
You maul the Orb Guardian!!!!
You kill the Orb Guardian!
Cheibriados thoroughly appreciates the change of pace.
There is a staircase leading out of the dungeon here.
You have escaped!

#.........#[#.........##....
#.........'.'.........##.#.#
#.........#.#.......[.##....
##.......##.##.......###.#.#
###....###'####...### #....
#'#####...#####'# #.#.#
##.###.......###.## #....
#...#.........#...# #.#.#
#...+....D.(..'..K# #....
#...#.........#...# ###.#
##.###.......###..# #...
#K#####...#####.## ###.#
#..#####'#####..# #....
##...........K.######.#.#
###############.........
#.######## #.###....#


There were no monsters in sight!

Vanquished Creatures
  3 dread liches
  4 orbs of fire
  An ancient lich (Vaults:5)
  Frederick (Vaults:2)
  7 Killer Klowns (Zot:5)
  Margery (Vaults:2)
  3 curse toes
  16 golden dragons
  A pandemonium lord (Zot:5)
  A bone dragon (Depths:5)
  2 Tzitzimimeh (Depths:4)
  A Brimstone Fiend (Zot:5)
  3 electric golems
  An Ice Fiend (IceCv)
  29 Orb Guardians
  A lich (Depths:3)
  3 deep elf blademasters
  20 tentacled monstrosities
  10 quicksilver dragons
  2 deep elf master archers (Elf:3)
  6 titans
  Asterion (Vaults:1)
  2 sphinxes
  Frances (D:13)
  The ghost of Lobster4 the Warrior, an adept HOFi of Trog (Elf:3)
  18 shadow dragons
  14 tengu reavers
  6 death cobs
  A thorn hunter (Swamp:3)
  An azure jelly (Swamp:4)
  21 storm dragons
  5 draconian monks
  Donald (Spider:3)
  5 draconian knights
  3 fenstrider witches (Swamp:3)
  5 draconian scorchers
  13 fire giants
  15 vault wardens
  9 deep elf sorcerers
  7 frost giants
  2 cacodemons
  Aizul (Vaults:2)
  2 warmongers
  10 ghost moths
  3 orc warlords
  2 iron dragons
  A balrug (Depths:1)
  3 deep elf elementalists (Elf:3)
  An angel (Depths:5)
  A draconian stormcaller (Zot:1)
  A juggernaut zombie (Depths:3)
  5 ghouls
  6 emperor scorpions
  5 draconian shifters
  14 ironheart preservers
  25 very ugly things
  A reaper (D:7)
  8 draconian annihilators
  20 stone giants
  4 vampire knights
  2 war gargoyles (Vaults:5)
  13 green draconians
  14 black draconians
  14 white draconians
  2 halazid warlocks (Desolation)
  5 bunyips
  7 spark wasps
  9 deep elf demonologists
  4 dire elephants (Lair:6)
  11 yellow draconians
  A corrupter (Zot:2)
  7 entropy weavers
  11 deep elf annihilators
  7 red draconians
  11 purple draconians
  3 crystal guardians (Desolation)
  A green death (Depths:1)
  A blizzard demon (Depths:3)
  2 eidola (Vaults:4)
  17 ettins
  6 deep elf death magi
  4 eleionomae
  2 jiangshi (Depths:2)
  6 ragged hierophants (Desolation)
  6 deep elf high priests
  10 fire dragons
  11 great orbs of eyes
  7 rakshasas
  Erolcha (Orc:2)
  15 ice dragons
  4 servants of whispers (Desolation)
  8 yaktaur captains
  31 vault guards
  7 boulder beetles
  7 peacekeepers (Desolation)
  13 hydras
  A monstrous demonspawn (Depths:3)
  5 spriggan air magi
  19 ogre magi
  7 alligators
  4 ghost crabs
  Erica (Lair:1)
  3 centaur warriors
  25 two-headed ogres
  A hell beast (Zot:3)
  2 anacondas (Lair:6)
  2 death knights
  8 tengu warriors
  A queen ant (Spider:3)
  11 deep troll shamans
  12 deep troll earth magi
  29 dancing weapons
  Urug (Lair:2)
  5 vampire magi
  10 death yaks (Lair:6)
  2 soul eaters (Depths:1)
  A shock serpent (shapeshifter) (Vaults:2)
  2 spriggan berserkers (Depths:4)
  3 orc high priests (Orc:2)
  15 hell knights
  17 deep elf knights
  4 skeletal warriors (D:13)
  3 sun demons (Depths:1)
  A shadow wraith (Vaults:4)
  11 iron trolls
  3 sixfirhies
  10 goliath frogs
  A gelid demonspawn (D:7)
  A torturous demonspawn (D:4)
  A death drake (Swamp:3)
  2 spriggan druids
  41 deep trolls
  3 flayed ghosts
  4 unseen horrors
  A shadow demon (D:6)
  9 swamp dragons
  5 bog bodies
  A lindwurm (shapeshifter) (Depths:4)
  10 necromancers
  3 glowing orange brains
  An orange crystal statue (Depths:4)
  7 wizards
  7 deep elf archers
  A harpy (shapeshifter) (D:9)
  2 orb spiders (shapeshifter) (Vaults:1)
  14 ironbrand convokers
  17 deep elf pyromancers
  16 orb spiders
  6 harpies (Vaults:4)
  5 orc sorcerers
  29 deep elf zephyrmancers
  19 wolf spiders
  5 phantasmal warriors
  13 orc knights
  3 cyclopes
  A frost giant zombie (Vaults:3)
  25 ugly things
  4 manticores
  10 elephants (Lair:6)
  4 will-o-the-wisps
  A tengu skeleton (Vaults:4)
  Maurice (Orc:2)
  3 black mambas
  39 moths of wrath
  2 guardian serpents (Desolation)
  A frost giant skeleton (Depths:3)
  14 vault sentinels
  A gargoyle (D:13)
  Joseph (D:9)
  4 torpor snails
  4 ice statues (IceCv)
  2 smoke demons
  A cane toad (shapeshifter) (Depths:4)
  9 cane toads
  A titan simulacrum (Vaults:3)
  8 large abominations (Depths:4)
  3 orange demons
  10 yaktaurs
  A hellion (Depths:1)
  10 komodo dragons
  3 anaconda simulacra (IceCv)
  2 rime drakes
  2 yaktaur zombies
  6 hellwings
  9 ice devils (IceCv)
  5 tengu conjurers
  10 freezing wraiths
  7 red devils
  5 efreet
  6 demonic crawlers
  35 jumping spiders
  A queen bee (D:14)
  Prince Ribbit (D:8)
  A troll (shapeshifter) (Vaults:3)
  9 tyrant leeches
  4 bloated husks
  3 meliai (D:14)
  A polar bear (shapeshifter) (Vaults:3)
  A tyrant leech (shapeshifter) (Vaults:5)
  Grinder (D:3)
  45 saltlings (Desolation)
  An ettin zombie (Vaults:4)
  13 trolls
  20 hornets
  A hornet (shapeshifter) (D:14)
  20 dream sheep
  16 blink frogs
  7 slime creatures
  A raiju (shapeshifter) (Vaults:5)
  A human simulacrum (Vaults:3)
  Sigmund (D:3)
  31 tarantellas
  A vampire (D:15)
  3 wraiths
  54 redbacks
  5 spriggans
  7 wyverns
  6 water elementals
  3 shadows (Vaults:4)
  58 yaks
  5 basilisks
  4 swamp worm simulacra (Swamp:4)
  2 humans (shapeshifter) (Vaults:3)
  4 fire elementals
  4 chaos spawn (Depths:4)
  2 golden eyes (D:1)
  8 vampire mosquitoes
  4 wargs
  4 harpy simulacra (IceCv)
  27 soldier ants
  An iron troll simulacrum (IceCv)
  18 swamp worms
  An acid dragon (Vaults:1)
  8 hell hounds
  A floating eye (shapeshifter) (Vaults:1)
  18 hydra simulacra
  85 orc warriors
  14 water moccasins
  A floating eye (Depths:5)
  3 human zombies
  A sky beast (D:11)
  2 black bears
  An eye of draining (D:14)
  An orc zombie (Vaults:2)
  A spriggan simulacrum (Depths:3)
  A swamp drake (Swamp:4)
  5 ice beasts
  An ettin simulacrum (Vaults:2)
  A boggart (Vaults:1)
  A tengu (shapeshifter) (Vaults:4)
  2 necrophages
  29 ogres
  7 wolves
  21 centaurs
  2 phantoms
  4 kobold brigands
  3 small abominations (Depths:4)
  27 bullfrogs
  5 earth elementals
  A wyvern skeleton (D:13)
  A scorpion (shapeshifter) (Elf:2)
  10 scorpions
  43 killer bees
  2 howler monkeys
  40 wights
  4 electric eels
  7 crimson imps (Depths:1)
  A centaur zombie (D:6)
  A jelly (D:11)
  A bullfrog zombie (D:10)
  14 hounds
  16 orc priests
  5 bullfrog skeletons
  6 centaur skeletons
  A gnoll shaman (D:4)
  Natasha (twice) (D:3)
  5 iguanas
  31 orc wizards
  2 hell rats (Lair:1)
  33 worker ants
  A killer bee zombie (D:6)
  2 hound zombies
  2 mummies (D:10)
  2 worker ant zombies
  16 gnolls
  A howler monkey skeleton (D:6)
  16 adders
  11 river rats
  6 shadow imps
  6 white imps
  4 ufetubi
  An ooze (D:7)
  4 swamp drake simulacra (Swamp:4)
  3 worms (D:2)
  A dart slug (D:5)
  8 leopard geckos
  147 orcs
  A giant cockroach (shapeshifter) (Vaults:5)
  8 giant cockroaches
  26 goblins
  19 hobgoblins
  9 jackals
  7 quokkas
  2 ball pythons (D:3)
  7 bats
  3 frilled lizards
  23 kobolds
  A quokka skeleton (D:4)
  6 rats
  3 foxfires (Swamp:3)
  2 plants
2555 creatures vanquished.

Vanquished Creatures (others)
  2 deep elf pyromancers (Elf:1)
  A deep elf zephyrmancer (Elf:1)
  A bloated husk (Swamp:2)
  2 ogres (Zot:2)
  An orc wizard (Orc:1)
  9 foxfires
  50 fungi
  68 plants
  A withered plant (D:10)
135 creatures vanquished.

Grand Total: 2690 creatures vanquished

Notes
Turn   | Place    | Note
-------+----------+-------------------------------------------
     0 | D:1      | mandarbmax the Minotaur Transmuter began the quest for the
                  | Orb.
     0 | D:1      | Reached XP level 1. HP: 16/16 MP: 1/1
   552 | D:1      | Reached XP level 2. HP: 23/23 MP: 0/3
  1442 | D:2      | Reached XP level 3. HP: 23/29 MP: 1/4
  1445 | D:2      | Learned a level 2 spell: Wereblood
  1502 | D:2      | Found a sacrificial altar of Ru.
  2609 | D:3      | Noticed Grinder
  2610 | D:3      | Paralysed by Grinder for 7 turns
  2774 | D:3      | Noticed Sigmund
  2974 | D:3      | Reached XP level 4. HP: 35/36 MP: 5/5
  2979 | D:3      | Reached skill level 5 in Unarmed Combat
  3016 | D:3      | Found a glowing silver altar of Zin.
  3351 | D:3      | Killed Sigmund
  3352 | D:3      | Reached XP level 5. HP: 41/41 MP: 6/6
  3423 | D:3      | Paralysed by Grinder for 7 turns
  3434 | D:3      | Killed Grinder
  3435 | D:3      | Reached XP level 6. HP: 25/48 MP: 7/7
  3588 | D:3      | Noticed Natasha
  3597 | D:3      | Killed Natasha
  4103 | D:3      | Noticed Natasha
  4110 | D:3      | Killed Natasha
  4111 | D:3      | Reached XP level 7. HP: 55/55 MP: 4/8
  4229 | D:4      | Found a broken altar of Ashenzari.
  4532 | D:4      | Found a glowing drain.
  4550 | Sewer    | Entered a sewer
  4731 | Sewer    | Found a white marble altar of Elyvilon.
  4977 | D:4      | Found a white marble altar of Elyvilon.
  5119 | D:4      | Reached skill level 10 in Unarmed Combat
  5572 | D:5      | Entered Level 5 of the Dungeon
  5634 | D:5      | Reached XP level 8. HP: 50/61 MP: 7/9
  5686 | D:5      | Found a snail-covered altar of Cheibriados.
  5699 | D:5      | Became a worshipper of Cheibriados the Contemplative
  6225 | D:5      | Reached * piety under Cheibriados
  6544 | D:6      | Found a staircase to the Ecumenical Temple.
  6550 | D:6      | Reached skill level 5 in Dodging
  7140 | D:6      | Reached XP level 9. HP: 64/67 MP: 8/10
  7148 | D:6      | Learned a level 3 spell: Ozocubu's Armour
  7406 | D:6      | Learned a level 4 spell: Ice Form
  7733 | D:6      | Reached ** piety under Cheibriados
  8599 | D:7      | Found a shadowy altar of Dithmenos.
  8633 | D:7      | Reached skill level 1 in Ice Magic
  8989 | D:7      | Found Idghobaa's Assorted Antiques.
  8998 | D:7      | Bought a scroll labelled AMME XUDOV for 31 gold pieces
  8998 | D:7      | Bought 2 scrolls labelled ZUITWE MUSYAPTUSE for 62 gold
                  | pieces
  8998 | D:7      | Bought a jewelled bronze wand for 124 gold pieces
  9023 | D:7      | Reached *** piety under Cheibriados
  9313 | D:7      | Found a bloodstained altar of Trog.
  9475 | D:7      | Found a blossoming altar of Fedhas.
  9733 | D:7      | Found an ornate altar of the Wu Jian Council.
 10072 | D:8      | Found a staircase to the Lair.
 10167 | D:8      | Noticed a two-headed ogre
 10176 | D:8      | Killed a two-headed ogre
 10177 | D:8      | Reached skill level 1 in Invocations
 10177 | D:8      | Reached skill level 1 in Evocations
 10177 | D:8      | Reached XP level 10. HP: 54/75 MP: 3/11
 10406 | D:8      | Reached **** piety under Cheibriados
 10528 | D:8      | Found a sparkling altar of Nemelex Xobeh.
 11301 | D:8      | Noticed Prince Ribbit
 11308 | D:8      | Killed Prince Ribbit
 11499 | D:8      | Found a hide-covered altar of Uskayaw.
 11612 | D:9      | Found Piopilah's Armour Boutique.
 11699 | D:9      | Found Raebisup's Armour Boutique.
 11938 | D:9      | Found Ucvir's Antique Weapon Emporium.
 12114 | D:9      | Reached skill level 5 in Fighting
 12294 | D:9      | Noticed an ice dragon
 12303 | D:9      | Killed an ice dragon
 12385 | D:9      | Reached ***** piety under Cheibriados
 12542 | D:9      | Noticed a yaktaur captain
 12545 | D:9      | Killed a yaktaur captain
 12546 | D:9      | Reached skill level 5 in Invocations
 12547 | D:9      | Reached XP level 11. HP: 91/91 MP: 5/13
 12665 | D:9      | Noticed a harpy
 12669 | D:9      | Killed a harpy
 12892 | D:9      | Found Foaz's Jewellery Shop.
 12942 | D:9      | Found Orroc's Jewellery Boutique.
 13347 | D:10     | Entered Level 10 of the Dungeon
 13347 | D:10     | Noticed Joseph
 13365 | D:9      | Killed Joseph
 13366 | D:9      | Reached skill level 5 in Evocations
 14356 | Lair:1   | Entered Level 1 of the Lair of Beasts
 14586 | Lair:1   | Noticed Erica
 14603 | Lair:1   | Killed Erica
 14836 | Lair:1   | Reached ****** piety under Cheibriados
 14843 | Lair:1   | Noticed a six-headed hydra
 14855 | Lair:1   | Killed a six-headed hydra
 14856 | Lair:1   | Reached skill level 10 in Fighting
 15479 | Lair:2   | Reached skill level 10 in Dodging
 15592 | Lair:2   | Noticed a four-headed hydra
 15601 | Lair:2   | Killed a four-headed hydra
 15719 | Lair:2   | Found a bloodstained altar of Trog.
 15794 | Lair:2   | Reached XP level 12. HP: 106/106 MP: 6/15
 16285 | Lair:2   | Noticed Urug
 16306 | Lair:2   | Killed Urug
 16647 | D:9      | Bought a ring of the Octopus King {MP+9 AC+1 EV+1 Str+1
                  | Int+1 Dex+1} for 500 gold pieces
 16647 | D:9      | Found the ring of the Octopus King {MP+9 AC+1 EV+1 Str+1
                  | Int+1 Dex+1}
 17452 | Lair:2   | Found a staircase to the Swamp.
 18053 | Lair:3   | Noticed an eight-headed hydra
 18067 | Lair:3   | Noticed a boulder beetle
 18081 | Lair:3   | Killed a boulder beetle
 18323 | Lair:3   | Killed an eight-headed hydra
 18433 | Lair:3   | Noticed a five-headed hydra
 18442 | Lair:3   | Killed a five-headed hydra
 18491 | Lair:3   | You fall into a shaft and drop 2 floors!
 18505 | Lair:5   | Noticed a seven-headed hydra
 18511 | Lair:5   | Killed a seven-headed hydra
 18571 | Lair:3   | Reached XP level 13. HP: 118/118 MP: 16/16
 18787 | Lair:3   | Found a hole to the Spider Nest.
 20587 | Lair:4   | Reached skill level 5 in Ice Magic
 22025 | Lair:6   | Entered Level 6 of the Lair of Beasts
 23028 | Lair:6   | Found a staircase to the Slime Pits.
 23029 | Lair:6   | Found a viscous altar of Jiyva.
 23067 | Lair:6   | Reached XP level 14. HP: 132/132 MP: 17/17
 23802 | Lair:6   | Reached skill level 15 in Unarmed Combat
 25013 | D:11     | Learned a level 5 spell: Blade Hands
 25246 | D:11     | Found a roughly hewn altar of Beogh.
 25246 | D:11     | Found a staircase to the Orcish Mines.
 25443 | D:11     | Gained mutation: Your body sometimes deteriorates upon
                  | taking damage. [mutagenic glow]
 25450 | D:11     | Gained mutation: You tend to lose your temper in combat.
                  | [mutagenic glow]
 26307 | D:11     | Reached skill level 1 in Bows
 27581 | D:11     | Reached skill level 5 in Transmutations
 27590 | D:11     | Gained mutation: You do not regenerate when monsters are
                  | visible. [mutagenic glow]
 27607 | D:11     | Gained mutation: Your body often deteriorates upon taking
                  | damage. [mutagenic glow]
 27615 | D:11     | Gained mutation: Scrolls take you a little longer to read.
                  | [mutagenic glow]
 28507 | D:12     | Found a roughly hewn altar of Beogh.
 29298 | Orc:1    | Entered Level 1 of the Orcish Mines
 29447 | Orc:1    | Reached XP level 15. HP: 91/138 MP: 15/18
 29723 | Orc:1    | Found Igiah's Magic Scroll Emporium.
 29731 | Orc:1    | Bought a scroll of identify for 30 gold pieces
 29731 | Orc:1    | Bought a scroll of enchant armour for 112 gold pieces
 29731 | Orc:1    | Bought a scroll of identify for 30 gold pieces
 29731 | Orc:1    | Bought a scroll of fear for 52 gold pieces
 29731 | Orc:1    | Bought a scroll of identify for 30 gold pieces
 29731 | Orc:1    | Bought a scroll of enchant armour for 112 gold pieces
 29731 | Orc:1    | Bought a scroll of fear for 52 gold pieces
 30047 | Orc:1    | Noticed an orc warlord
 30066 | Orc:1    | Killed an orc warlord
 30304 | Orc:2    | Entered Level 2 of the Orcish Mines
 30304 | Orc:2    | Found a staircase to the Elven Halls.
 30304 | Orc:2    | Noticed Maurice
 30310 | Orc:2    | Killed Maurice
 30311 | Orc:2    | Reached skill level 5 in Bows
 30322 | Orc:2    | Found Ujoamosh's Jewellery Shop.
 30500 | Orc:2    | Found a roughly hewn altar of Beogh.
 30655 | Orc:2    | Found Xulijuc's Antique Weapon Emporium.
 31020 | Orc:2    | Noticed an orc warlord
 31032 | Orc:2    | Killed an orc warlord
 31199 | Orc:2    | Found a roughly hewn altar of Beogh.
 31270 | Orc:2    | Found Iphyh's Antique Armour Boutique.
 31371 | Orc:2    | Noticed Erolcha
 31384 | Orc:2    | Killed Erolcha
 31492 | Orc:2    | Found Kuletag's General Store.
 31500 | Orc:2    | Bought a scroll of identify for 26 gold pieces
 31891 | Orc:2    | Bought the +1 cloak of Starlight {*Dazzle EV+4 Stlth--} for
                  | 396 gold pieces
 31891 | Orc:2    | Found the +1 cloak of Starlight {*Dazzle EV+4 Stlth--}
 31927 | Orc:2    | Bought the ring of Kuzam {EV+4 Int+4} for 668 gold pieces
 32163 | D:13     | Lost mutation: Your body often deteriorates upon taking
                  | damage. [potion of mutation]
 32163 | D:13     | Lost mutation: You tend to lose your temper in combat.
                  | [potion of mutation]
 32163 | D:13     | Lost mutation: You do not regenerate when monsters are
                  | visible. [potion of mutation]
 32163 | D:13     | Lost mutation: Scrolls take you a little longer to read.
                  | [potion of mutation]
 32163 | D:13     | Gained mutation: You can translocate small distances at
                  | will. [potion of mutation]
 32163 | D:13     | Gained mutation: You expend magic power (3 MP) to
                  | strengthen your wands. [potion of mutation]
 32445 | D:13     | Identified the +7 rapier of Agony {protect, *Corrode +Blink
                  | rPois rF++}
 33084 | D:13     | Noticed Frances
 33094 | D:13     | Killed Frances
 33450 | D:14     | Found a glowing silver altar of Zin.
 33481 | D:14     | Cast into level 2 of the Abyss (a wizard)
 33507 | D:14     | Escaped the Abyss
 33524 | D:14     | Found a flagged portal.
 33553 | Bailey   | Entered a bailey
 33865 | Bailey   | Identified the +8 hand axe "Uziezon" {flame, *Contam +Rage
                  | rElec Dex-4}
 34055 | Bailey   | Noticed an orc warlord
 34060 | Bailey   | Reached skill level 15 in Fighting
 34071 | Bailey   | Killed an orc warlord
 35351 | D:14     | Found a gate to the Vaults.
 35354 | D:14     | Identified the Catalogue of Captivating Moulding
 35457 | D:14     | Identified 2 scrolls of acquirement
 35458 | D:14     | Acquired a manual of Invocations
 35459 | D:14     | Acquired the +9 longbow "Ganguin" {venom, +Fly rElec}
 35490 | D:15     | Entered Level 15 of the Dungeon
 35512 | D:15     | Reached XP level 16. HP: 85/151 MP: 18/21
 36124 | D:15     | Found a staircase to the Depths.
 36502 | D:15     | Identified the +0 spear "Adghiwusy" {speed, rPois rF- Str+9
                  | SInv}
 36814 | Swamp:1  | Entered Level 1 of the Swamp
 37408 | Swamp:1  | Reached skill level 10 in Invocations
 38167 | Swamp:1  | Identified the amulet of Undoing {Spirit Str+3 Dex+5}
 38744 | Swamp:2  | Reached skill level 10 in Bows
 39592 | Orc:2    | Bought a pair of glimmering gloves for 342 gold pieces
 39592 | Orc:2    | Identified the +2 pair of gloves of Least Resistance {-Cast
                  | rPois Regen+} (You bought it in a shop on level 2 of the
                  | Orcish Mines)
 41894 | Swamp:3  | Noticed a thorn hunter
 41899 | Swamp:3  | Killed a thorn hunter
 41977 | Swamp:3  | Reached XP level 17. HP: 146/158 MP: 26/26
 42411 | Swamp:3  | Noticed a tentacled monstrosity
 42418 | Swamp:3  | Killed a tentacled monstrosity
 43067 | Swamp:4  | Entered Level 4 of the Swamp
 43103 | Swamp:4  | Reached skill level 15 in Invocations
 43203 | Swamp:4  | Found a frozen archway.
 43213 | IceCv    | Entered an ice cave
 43633 | IceCv    | Noticed an Ice Fiend
 43639 | IceCv    | Killed an Ice Fiend
 45248 | Swamp:4  | Got a decaying rune of Zot
 45802 | Spider:1 | Entered Level 1 of the Spider Nest
 48292 | Spider:3 | Reached XP level 18. HP: 158/168 MP: 20/29
 48975 | Spider:3 | Noticed Donald
 48982 | Spider:3 | Killed Donald
 49103 | Spider:3 | Upgraded the game from 0.27-a0-463-gec7707c53d to
                  | 0.27-a0-498-g7ecbb0a48f
 49125 | Spider:4 | Entered Level 4 of the Spider Nest
 49359 | Spider:4 | Reached skill level 15 in Dodging
 50810 | Spider:4 | Got a gossamer rune of Zot
 50815 | Spider:4 | Learned a level 3 spell: Ignite Poison
 50926 | Spider:4 | Learned a level 7 spell: Dragon Form
 51272 | Vaults:1 | Entered Level 1 of the Vaults
 51928 | Vaults:1 | Paralysed by an ogre mage for 4 turns
 52192 | Vaults:1 | Identified the +4 kite shield of Tokosiass {Will+ SInv}
 52192 | Vaults:1 | Noticed Asterion
 52199 | Vaults:1 | Killed Asterion
 52697 | Vaults:2 | Reached XP level 19. HP: 108/179 MP: 14/30
 52899 | Vaults:2 | Reached skill level 10 in Transmutations
 52941 | Vaults:2 | Noticed Aizul
 52948 | Vaults:2 | Killed Aizul
 52998 | Vaults:2 | Noticed Frederick
 53006 | Vaults:2 | Killed Frederick
 53018 | Vaults:2 | Found a flickering gateway to a bazaar.
 53028 | Bazaar   | Entered a bazaar
 53066 | Bazaar   | Found Nikamay's Book Shoppe.
 53066 | Bazaar   | Found Otum's Book Emporium.
 53088 | Bazaar   | Found Kokken's Armour Shoppe.
 53104 | Bazaar   | Found Ecvua's Antique Armour Emporium.
 53164 | Bazaar   | Bought a book of Spatial Translocations for 910 gold pieces
 53343 | Vaults:2 | Noticed Margery
 53357 | Vaults:2 | Killed Margery
 53627 | Vaults:2 | Found a staircase to the Crypt.
 53654 | Vaults:2 | Learned a level 1 spell: Animate Skeleton
 53682 | Vaults:2 | Learned a level 4 spell: Manifold Assault
 53713 | Vaults:2 | Gained mutation: Your magical capacity is low. (-10% MP)
                  | [mutagenic glow]
 53740 | Vaults:2 | Reached skill level 1 in Translocations
 53914 | Vaults:2 | Gained mutation: You are partially covered in icy blue
                  | scales. (AC +2) [mutagenic glow]
 55376 | Vaults:3 | Found Ceniopt's Antique Armour Shop.
 55578 | Vaults:3 | Paralysed by a great orb of eyes for 7 turns
 57585 | Vaults:4 | Paralysed by something for 7 turns
 57933 | Vaults:4 | Reached XP level 20. HP: 187/187 MP: 22/27
 58253 | Vaults:4 | Found Mufebb's Weapon Shoppe.
 58565 | Vaults:4 | Found a runed translucent gate.
 58565 | Vaults:4 | Found a runed translucent gate.
 58565 | Vaults:4 | Found a runed translucent gate.
 58566 | Vaults:4 | Noticed SpeedRobin's ghost (adept DDFi)
 60687 | Vaults:5 | Entered Level 5 of the Vaults
 60692 | Vaults:5 | Reached skill level 5 in Translocations
 60708 | Vaults:5 | Noticed a golden dragon
 60729 | Vaults:5 | Noticed an ancient lich
 60743 | Vaults:5 | Killed an ancient lich
 60745 | Vaults:5 | Killed a golden dragon
 60763 | Vaults:5 | Got a silver rune of Zot
 60780 | Vaults:5 | Reached XP level 21. HP: 92/201 MP: 25/28
 60805 | Vaults:5 | Identified the +2 scimitar "Undertaker" {freeze, +Blink rF+
                  | rC+ Str+4}
 60815 | Vaults:5 | Identified the +11 glaive of Fate {flame, +Rage +Inv rPois
                  | rF+}
 61025 | Vaults:5 | Gained mutation: Scrolls take you a little longer to read.
                  | [mutagenic glow]
 61026 | Vaults:5 | Lost mutation: Your body sometimes deteriorates upon taking
                  | damage. [potion of mutation]
 61026 | Vaults:5 | Lost mutation: Scrolls take you a little longer to read.
                  | [potion of mutation]
 61026 | Vaults:5 | Lost mutation: Your magical capacity is low. (-10% MP)
                  | [potion of mutation]
 61026 | Vaults:5 | Gained mutation: You are surrounded by a mild repulsion
                  | field. (EV +2) [potion of mutation]
 61026 | Vaults:5 | Gained mutation: You are robust. (+10% HP) [potion of
                  | mutation]
 61026 | Vaults:5 | Gained mutation: You are very robust. (+20% HP) [potion of
                  | mutation]
 61065 | Vaults:5 | Identified the +7 great sword "Ichud" {spect, +Rage MP+9
                  | Str+6}
 61077 | Vaults:5 | Noticed a golden dragon
 61081 | Vaults:5 | Killed a golden dragon
 61358 | Vaults:5 | Noticed a dread lich
 61374 | Vaults:5 | Killed a dread lich
 62732 | Vaults:5 | Identified Jucufuets's Disquisition on Orientation and Heat
 62754 | Vaults:5 | Identified the Volume of Evil Secrets and the Snowflakes
 62833 | Vaults:5 | Identified the +0 scale mail of Light {Int+7}
 63314 | Depths:1 | Entered Level 1 of the Depths
 63325 | Depths:1 | Reached XP level 22. HP: 252/252 MP: 30/33
 63362 | D:15     | Learned a level 2 spell: Blink
 63685 | Depths:1 | Gained mutation: You occasionally shout uncontrollably at
                  | your foes. [mutagenic glow]
 64359 | Depths:1 | Gained mutation: Scrolls take you a little longer to read.
                  | [mutagenic glow]
 64949 | Depths:1 | Found a snail-covered altar of Cheibriados.
 65205 | Depths:1 | Found a gateway to Hell.
 65342 | Depths:2 | Lost mutation: You are very robust. (+20% HP) [mutagenic
                  | glow]
 65344 | Depths:2 | Lost mutation: You are robust. (+10% HP) [potion of
                  | mutation]
 65344 | Depths:2 | Lost mutation: You occasionally shout uncontrollably at
                  | your foes. [potion of mutation]
 65344 | Depths:2 | Lost mutation: You can translocate small distances at will.
                  | [potion of mutation]
 65344 | Depths:2 | Gained mutation: Your flesh is heat resistant. (rF+)
                  | [potion of mutation]
 65344 | Depths:2 | Gained mutation: You are partially covered in molten
                  | scales. (AC +2) [potion of mutation]
 66666 | D:7      | Bought a potion of mutation for 248 gold pieces
 66666 | D:7      | Bought a condenser vane for 1240 gold pieces
 67231 | Depths:3 | Identified the Grimoire of Conjuration
 67266 | Depths:3 | Identified the Incunabulum of Cankerous Arcane Weapons
 67280 | Depths:3 | Found a shimmering blue altar of Sif Muna.
 67282 | Depths:3 | Noticed a dread lich
 67293 | Depths:3 | Killed a dread lich
 67402 | Depths:3 | Reached skill level 5 in Spellcasting
 67414 | Depths:3 | Identified Sif Muna's Incunabulum of Fire
 67431 | Depths:3 | Identified Poeschyn's Collected Works on the Mutagenic
                  | Escort
 67436 | Depths:3 | Learned a level 2 spell: Passwall
 67455 | Depths:3 | Paralysed by an ogre mage for 7 turns
 67624 | Depths:3 | Identified the ring of Cosethraa {*Corrode rElec rPois rF++
                  | rC+}
 68033 | Depths:3 | Found a one-way gate leading to the halls of Pandemonium.
 68602 | Depths:3 | Found a shimmering altar of Xom.
 68702 | Depths:3 | Gained mutation: You occasionally shout uncontrollably at
                  | your foes. [mutagenic glow]
 68850 | Depths:3 | Reached XP level 23. HP: 223/223 MP: 16/34
 69426 | Depths:4 | Found a transporter.
 69522 | Depths:4 | Found a transporter.
 69631 | Depths:4 | Found a gateway to a ziggurat.
 69661 | Depths:4 | Found a one-way gate to the infinite horrors of the Abyss.
 70990 | Depths:5 | Entered Level 5 of the Depths
 71092 | Depths:5 | Gained mutation: You are weak. (Str -2) [mutagenic glow]
 72036 | Depths:5 | Found a gate to the Realm of Zot.
 72163 | Depths:5 | Found Caettev's Armour Boutique.
 72177 | Depths:5 | Found Ihejo's Distillery.
 72186 | Depths:5 | Bought 2 potions of cancellation for 256 gold pieces
 72186 | Depths:5 | Bought a potion of might for 64 gold pieces
 72186 | Depths:5 | Bought a potion of ambrosia for 128 gold pieces
 72186 | Depths:5 | Bought a potion of might for 64 gold pieces
 72186 | Depths:5 | Bought a potion of invisibility for 128 gold pieces
 72186 | Depths:5 | Bought a potion of heal wounds for 80 gold pieces
 72186 | Depths:5 | Bought a potion of curing for 48 gold pieces
 73073 | Elf:1    | Entered Level 1 of the Elven Halls
 73287 | Elf:1    | Identified the ring "Ceoniucsys" {Will+ MP-9 Int+5 Dex+6}
 73469 | Elf:1    | Found Walum's Antique Weapon Shop.
 73513 | Elf:1    | Found a ruined gateway.
 73520 | Desolati | Entered the Desolation of Salt
 73751 | Desolati | Found the +9 scales of the Dragon King {rPois rF+ rC+
                  | Will+}
 73753 | Desolati | Identified the amulet of Olomiyr {RegenMP Fragile Dex+4}
 73757 | Desolati | Identified the Volume of Spatial Companions
 73964 | Desolati | Identified the Grimoire of Fiery Feathers
 73966 | Desolati | Identified Sausk's Grimoire of Sinister Arts
 73968 | Desolati | Identified the ring "Toohubej" {Ice *Drain rN++ Will+}
 73999 | Desolati | Reached skill level 1 in Stealth
 74277 | Desolati | Reached XP level 24. HP: 230/230 MP: 27/34
 74277 | Desolati | Identified the amulet of Lacwuo {Faith +Fly rF+ Int+2
                  | Slay+2}
 74441 | Desolati | Identified the ring "Huigyr" {rF+ Int+9 Dex-4}
 75180 | Elf:1    | You fall into a shaft and drop 1 floor!
 75786 | Elf:2    | Found a runed translucent gate.
 75786 | Elf:2    | Found a runed translucent gate.
 75786 | Elf:2    | Found a runed translucent gate.
 76900 | Elf:3    | Entered Level 3 of the Elven Halls
 76900 | Elf:3    | Found Qoevoavie's Distillery.
 76903 | Elf:3    | Bought a potion of heal wounds for 65 gold pieces
 76903 | Elf:3    | Bought a potion of cancellation for 104 gold pieces
 76903 | Elf:3    | Bought a potion of curing for 39 gold pieces
 76903 | Elf:3    | Bought a potion of might for 52 gold pieces
 76938 | Elf:3    | Found Fanou's Antique Weapon Shop.
 76989 | Elf:3    | Found a runed translucent door.
 77057 | Elf:3    | Found Qijoll's Antique Weapon Shop.
 77114 | Elf:3    | Found Ocucujus's Book Boutique.
 77517 | Elf:3    | Reached skill level 5 in Stealth
 77630 | Elf:3    | Identified the +2 leather armour "Ames Kae" {+Blink rCorr
                  | Dex+4}
 77709 | Elf:3    | Identified the amulet of the Empty Page {Spirit rN+}
 77919 | Elf:3    | Found the +9 sword of Zonguldrok {reap}
 77920 | Elf:3    | Identified the amulet of the Glimmering Pariah {*Drain
                  | +Blink Will+ Regen+ Int+9}
 77937 | Elf:3    | Reached skill level 10 in Spellcasting
 77955 | Elf:3    | Identified the amulet of Byjyg {Acrobat rElec}
 78025 | Elf:3    | Identified the +8 broad axe of Cefeuto {pain, rF++}
 78387 | Elf:3    | Found Vuoxuoz's Jewellery Shoppe.
 78596 | Elf:3    | Noticed Lobster4's ghost (adept HOFi)
 78605 | Elf:3    | Killed Lobster4's ghost
 79787 | Zot:1    | Entered Level 1 of the Realm of Zot
 80229 | Zot:1    | Reached XP level 25. HP: 245/245 MP: 5/36
 80663 | Depths:5 | Learned a level 6 spell: Statue Form
 81947 | Zot:2    | Reached skill level 1 in Earth Magic
 83002 | Zot:3    | Reached skill level 5 in Earth Magic
 83002 | Zot:3    | Reached XP level 26. HP: 254/254 MP: 17/36
 83091 | Zot:3    | Noticed an orb of fire
 83096 | Zot:3    | Gained mutation: Armour fits poorly on your strangely
                  | shaped body. [an orb of fire]
 83100 | Zot:3    | Killed an orb of fire
 84678 | Zot:3    | Acquired 311 gold pieces
 85174 | Elf:3    | Bought a manual of Fighting for 1435 gold pieces
 85919 | Zot:3    | Lost mutation: Scrolls take you a little longer to read.
                  | [potion of mutation]
 85919 | Zot:3    | Lost mutation: You occasionally shout uncontrollably at
                  | your foes. [potion of mutation]
 85919 | Zot:3    | Lost mutation: Armour fits poorly on your strangely shaped
                  | body. [potion of mutation]
 85919 | Zot:3    | Gained mutation: You are dopey. (Int -2) [potion of
                  | mutation]
 85919 | Zot:3    | Gained mutation: You have supernaturally acute eyesight.
                  | (SInv) [potion of mutation]
 85919 | Zot:3    | Gained mutation: Your system is resistant to poisons.
                  | (rPois) [potion of mutation]
 87337 | Zot:5    | Entered Level 5 of the Realm of Zot
 87768 | Zot:5    | Reached XP level 27. HP: 269/269 MP: 0/36
 87773 | Zot:5    | Noticed an orb of fire
 87776 | Zot:5    | Noticed an orb of fire
 87778 | Zot:5    | Noticed an orb of fire
 87783 | Zot:5    | Noticed a dread lich
 87787 | Zot:5    | Killed an orb of fire
 87789 | Zot:5    | Killed an orb of fire
 87792 | Zot:5    | Killed an orb of fire
 87795 | Zot:5    | Killed a dread lich
 87797 | Zot:5    | Reached skill level 27 in Unarmed Combat
 87814 | Zot:5    | Reached skill level 27 in Fighting
 88300 | Zot:5    | Identified the ring of Rationality {Str+6 Int+2}
 89199 | Zot:5    | Reached skill level 10 in Translocations
 89240 | Zot:5    | Got the Orb of Zot
 89273 | Zot:5    | Noticed Foowoppa the pandemonium lord
 89282 | Zot:5    | Killed Foowoppa the pandemonium lord
 89285 | Zot:5    | Lost mutation: Your flesh is heat resistant. (rF+)
                  | [mutagenic glow]
 90248 | D:$      | Escaped with the Orb!

Illustrated notes

Levels and vault maps discovered:
D:1:      dpeg_arrival_three_smaller_balls, layout_basic, st_stairs_11,
          minmay_tetromino_t2
D:2:      layout_loops_ring, nicolae_ru_awakened_eye, minmay_misc_feat_tiny
D:3:      layout_loops_ring, overflow_temple_1_default, uniq_sigmund,
          uniq_natasha, uniq_grinder
D:4:      layout_loops_corners, nicolae_ashenzari_panopticon, elyvilon_altar_5,
          gup_sewer_entry_pipe
D:5:      layout_cave_pools, lemuel_doored_altar
D:6:      layout_loops_ring, minmay_temple_entry_mini_moons
D:7:      layout_loops_corners, nicolae_overflow_crystal_walls,
          nicolae_dithmenos_the_darkroom, fedhas_altar_1,
          nzn_wu_jian_contemplation, serial_shops, shop,
          amcnicky_mini_rare_corridor_liquid
D:8:      layout_rooms, kennysheep_mini, lemuel_coloured_pillars_altar,
          lair_entry_dummy, st_stairs_4, nrook_mini_backslash, minivault_24,
          uniq_prince_ribbit1
D:9:      minmay_chopped_fan, layout_irregular_city, serial_shops, shop, shop,
          kennysheep_little_box, shop, nicolae_shop_waterfront,
          amcnicky_mini_corridor_feature, feat_on_display
D:10:     layout_cross, serial_undead, serial_undead_f, serial_undead_f,
          serial_undead_c, serial_undead_a, uniq_joseph
D:11:     layout_gridville, david_orc_5, minmay_misc_feat_four_crosses,
          minmay_rotating_lava
D:12:     layout_rooms, special_room [special_room_orc],
          minmay_mirror_moons_of_madness
D:13:     layout_roguey, uniq_frances
D:14:     layout_roguey [special_room_bee], david_vaults_4,
          chequers_serial_rivers_micro_d, enter_bailey_3, basic_altar,
          minmay_misc_feat_rugged, chequers_serial_rivers_marsh, wad_dig_loot
D:15:     grunt_enter_depths_hoard, layout_loops_ring, glass_columns_a
Lair:1:   layout_hall_layers, kennysheep_rathole, uniq_erica
Lair:2:   layout_cellular_growth, minmay_swamp_entry_worms, basic_altar,
          uniq_urug
Lair:3:   layout_regular_city, spider_nest_entry_a, minivault_23,
          chequers_serial_rivers_micro_c, minmay_lair_oklob_chamber
Lair:4:   layout_cave_pods
Lair:5:   layout_hall_layers, serial_bayou_shore_a
Lair:6:   due_jungle_book, layout_concentric_octagons, slime_altar_1
Swamp:1:  layout_basic_swamp, evilmike_swamp_ruin_house_4
Swamp:2:  layout_basic_swamp, evilmike_swamp_ruin_wall,
          infiniplex_staircase_pool
Swamp:3:  nzn_winding_woodlands_small [nzn_winding_woodlands_5x15_parted,
          nzn_winding_woodlands_center_lodge,
          nzn_winding_woodlands_5x15_sidewinder], layout_falls_marsh,
          evilmike_swamp_ruin_house_6, infiniplex_staircase_pool_2
Swamp:4:  swamp_icy, layout_basic_swamp, portal_ice_cave_entry_dragon
Spider:1: layout_spider_delve
Spider:2: spiders_nest_scorpion_pit
Spider:3: layout_spider_delve, minivault_29, uniq_donald
Spider:4: spider_rune_water, nicolae_spider_webbed_stairs
Orc:1:    nicolae_orc_accident_3, layout_diamond_mine, serial_shops, shop
Orc:2:    grunt_orc_gardens, layout_diamond_mine, grunt_orc_garden,
          grunt_orc_garden, grunt_orc_garden, grunt_orc_garden,
          hangedman_feature_mirror, uniq_maurice, uniq_erolcha
Elf:1:    eino_elf_arrival_sip, layout_loops_corners,
          portal_desolation_entry_ruin, kennysheep_underground_church,
          minmay_shop_star
Elf:2:    layout_gridlike, serial_aquarium, aquarium_bridge_long_separate
          [aquarium_subvault_wall, aquarium_subvault_bridge,
          aquarium_subvault_bridge, aquarium_subvault_bridge,
          aquarium_subvault_balcony, aquarium_subvault_bridge],
          aquarium_bridge_island_small [aquarium_subvault_small_water,
          aquarium_subvault_wall, aquarium_subvault_window,
          aquarium_subvault_window, aquarium_subvault_bridge],
          aquarium_window_2, aquarium_window_fake, aquarium_view_2b,
          aquarium_balcony_3a, aquarium_pool_2
Elf:3:    elf_hall_gauntlet_wide, layout_geoelf_castle, serial_glass,
          glass_columns_a, glass_columns_a, glass_columns_b, glass_columns_a,
          glass_columns_a, glass_columns_c, serial_shops,
          nicolae_shop_overgrown_old_shop, shop, nicolae_shop_trees, shop,
          nicolae_shop_statue_plus, ebering_ghost_reflecting_pool
Vaults:1: vaults_room_pools, v_alt_pattern_3, vaults_room_large_hall, v_misc_24,
          nicolae_vaults_asterisk, st_spiral_rooms,
          hangedman_vaults_stretched_pinwheel, vaults_room_pools,
          nicolae_vaults_alarming, vaults_dpeg_encased_lava,
          layout_vaults_chaotic_city, uniq_asterion
Vaults:2: v_rooms_4, nicolae_vaults_little_squares_3, vaults_room_hallway,
          vaults_room_door_hall, v_misc_23, vaults_dpeg_cross,
          minmay_crypt_entry_simple_sparse, nicolae_vaults_asterisk,
          layout_vaults_quadrants, serial_shops, bzr_entry_water, uniq_margery,
          uniq_aizul, uniq_frederick
Vaults:3: v_rooms_5, nicolae_vaults_big_ls, ontoclasm_vaults_loading_screen,
          serial_ice_g, nicolae_vaults_little_squares_5, nicolae_vaults_theta,
          hangedman_vaults_hat, nicolae_vaults_network_periphery,
          v_alt_pattern_2, ontoclasm_vaults_eye, nicolae_vaults_specimen_jars,
          vaults_room_pool, ontoclasm_vaults_claustrophobia,
          vaults_room_door_ring, layout_vaults_omnicross, serial_shops, shop
Vaults:4: gammafunk_vaults_ghost_spectres, vaults_room_grid,
          nicolae_vaults_hallways_thing, nicolae_vaults_diagonal_hallway_6,
          nicolae_vaults_little_squares_1, vaults_room_semicircle, v_misc_2,
          ontoclasm_vaults_chip, nicolae_vaults_ninety_degrees,
          ontoclasm_vaults_shuriken, layout_vaults_ring, serial_shops, shop
Vaults:5
Depths:1: layout_basic, kennysheep_flooded_box, hellmouth_2, moated_statue,
          dk_noncrumbling_2, minmay_starry_boxes, firewood_loft
Depths:2: hangedman_elemental_death_ray, layout_cave_shapes, minmay_hedge_maze,
          pf_vacation_house_of_asmodeus, serial_bayou_shore_b,
          infiniplex_staircase_zigzag_3
Depths:3: evilmike_library_of_no_secrets, layout_basic, rand_demon_pan_entry_3,
          hell_entry, kennysheep_another_room, xom_teletrap_fun,
          grunt_megastairs_3
Depths:4: gammafunk_sealed_arena, layout_basic, enter_ziggurat_e,
          corexii_hall_statues_deadend, minmay_room_of_horrors, hell_entry,
          serial_bayou_shore_b
Depths:5: evilmike_zot_entry_basic, layout_basic, grunt_decor_mini_mirrors,
          pf_coc_iceberg, st_stairs_13, minmay_shoptagon
Zot:1:    kennysheep_bubbly, layout_misc_corridors
Zot:2:    lemuel_halls_of_wrath, layout_twisted_circle, zot_minivault_5
Zot:3:    layout_gridlike, st_small_dragon_hoard_3, drop_trap,
          st_small_dragon_hoard_5, bh_zot_ikea_curve, grunt_megastairs_2
Zot:4:    layout_basic, grunt_ministairs_14
Zot:5:    layout_gridlike, drop_trap, grunt_ministairs_8,
          hangedman_zot_decor_tridents, st_stairs_5, skrybe_zot_glass_3

Skill      XL: |  1  2  3  4  5  6  7  8  9 10 11 12 13 14 15 16 17 18 19 20 21 22 23 24 25 26 27 |
---------------+----------------------------------------------------------------------------------+-----
Transmutations | 2 4 6 8 9 12 | 12.0
Unarmed Combat | 4 6 8 10 11 14 16 17 19 20 21 23 26 27 | 27.0
Fighting       | 2 6 10 12 14 15 16 18 21 22 23 24 26 27 | 27.0
Dodging        | 7 9 10 12 13 16 17 19 20 21 23 | 23.1
Ice Magic      | 4 6 7 8 |  8.0
Invocations    | 1 5 6 8 13 16 | 16.1
Evocations     | 1 4 6 |  6.0
Spellcasting   | 2 4 5 10 | 10.2
Bows           | 4 8 11 12 | 12.0
Translocations | 4 6 8 10 | 10.0
Stealth        | 2 7 |  7.0
Earth Magic    | 5 6 |  6.0

Action                   |  1- 3 |  4- 6 |  7- 9 | 10-12 | 13-15 | 16-18 | 19-21 | 22-24 | 25-27 || total
-------------------------+-------+-------+-------+-------+-------+-------+-------+-------+-------++-------
Melee: Unarmed           |   112 |    52 |   399 |   453 |   793 |   513 |   448 |   720 |   550 ||  4040
       Headbutt          |     7 |     7 |    58 |     7 |    70 |   126 |    37 |    31 |    12 ||   355
       Kick              |     7 |       |    14 |       |       |       |       |       |       ||    21
       Punch             |       |     1 |    17 |       |    28 |    53 |    28 |    43 |    47 ||   217
       Shortbow          |       |       |       |       |     1 |       |       |       |       ||     1
       Tailslap          |       |       |       |       |       |     1 |    25 |    41 |    59 ||   126
       Bite              |       |       |       |       |       |       |    17 |    35 |    32 ||    84
       Longbow           |       |       |       |       |       |       |     1 |       |     3 ||     4
 Fire: Shortbow          |       |       |    21 |    24 |   493 |       |       |       |       ||   538
       Longbow           |       |       |       |       |     1 |   425 |   149 |   358 |   165 ||  1098
 Cast: Beastly Appendage |     8 |     1 |    12 |       |       |       |       |       |       ||    21
       Wereblood         |       |     2 |     7 |    12 |    46 |    45 |    35 |    58 |    32 ||   237
       Ozocubu's Armour  |       |       |     6 |    32 |    90 |    46 |    34 |    56 |    15 ||   279
       Ice Form          |       |       |     2 |    61 |    62 |     2 |       |       |       ||   127
       Blade Hands       |       |       |       |       |    67 |    93 |    32 |    25 |     1 ||   218
       Dragon Form       |       |       |       |       |       |     2 |    28 |    53 |    46 ||   129
       Manifold Assault  |       |       |       |       |       |       |    72 |   191 |    94 ||   357
       Passwall          |       |       |       |       |       |       |       |     1 |       ||     1
       Statue Form       |       |       |       |       |       |       |       |       |     3 ||     3
Invok: Slouch            |       |       |       |     1 |     2 |     7 |     8 |       |       ||    18
       Step From Time    |       |       |       |       |       |       |     2 |     1 |       ||     3
 Abil: End Transformatio |       |       |       |       |     2 |    10 |     6 |     1 |       ||    19
       Breathe Fire      |       |       |       |       |       |       |    15 |    28 |    11 ||    54
Evoke: Wand              |       |       |    11 |       |     9 |     9 |     3 |     1 |       ||    33
       Lightning rod     |       |       |       |       |     3 |       |     1 |       |       ||     4
       Tin of tremorston |       |       |       |       |       |       |       |     1 |     1 ||     2
       Condenser vane    |       |       |       |       |       |       |       |     1 |     1 ||     2
  Use: Scroll            |       |     7 |     6 |     6 |    16 |     6 |    11 |     2 |     5 ||    59
       Potion            |       |     2 |     5 |     3 |     5 |     4 |    28 |     3 |     3 ||    53
 Stab: Sleeping          |       |       |       |     3 |     1 |       |       |     1 |     2 ||     7
       Invisible         |       |       |       |       |     3 |    31 |    10 |     2 |     7 ||    53
       Confused          |       |       |       |       |       |       |       |       |     3 ||     3
Armor: Robe              |     7 |       |       |     5 |    55 |    66 |    16 |    17 |    12 ||   178
       Plate armour      |    11 |       |       |       |       |       |       |       |       ||    11
       Scale mail        |    32 |    13 |    79 |       |       |       |       |       |       ||   124
       Skin              |       |    16 |       |   120 |    78 |     1 |    38 |    34 |    47 ||   334
       Ring mail         |       |       |    21 |       |       |       |       |       |       ||    21
Dodge: Dodged            |    68 |    19 |   239 |   540 |   881 |  1041 |   391 |   608 |   664 ||  4451

Table legend: (Time is in decaauts)
 A = Elapsed time spent in this place.
 B = Non-inter-level travel time spent in this place.
 C = Inter-level travel time spent in this place.
 D = Time resting spent in this place.
 E = Time spent auto-exploring this place.
 F = Levels seen in this place.
 G = Mean time per level.
                   A        B        C        D        E       F      G
               +--------+--------+--------+--------+--------+-----+--------+
         Total | 128094 | 113161 |  14933 |  21275 |  72916 |  55 | 2329.0 |
       Dungeon |  33309 |  27484 |   5825 |   5699 |  17330 |  15 | 2220.6 |
          Lair |  16345 |  14712 |   1633 |   1981 |  11276 |   6 | 2724.2 |
         Swamp |   9800 |   8900 |    900 |   2431 |   5176 |   4 | 2450.0 |
   Spider Nest |   7647 |   7202 |    445 |   1099 |   5039 |   4 | 1911.8 |
  Orcish Mines |   4150 |   3420 |    730 |    295 |   2436 |   2 | 2075.0 |
   Elven Halls |   8110 |   7531 |    579 |    796 |   4713 |   3 | 2703.3 |
        Vaults |  16527 |  15112 |   1415 |   2464 |  10516 |   5 | 3305.4 |
        Depths |  15272 |  13057 |   2215 |   2374 |   9093 |   5 | 3054.4 |
           Zot |  12375 |  11186 |   1189 |   2663 |   5582 |   5 | 2475.0 |
         Abyss |     49 |     49 |      0 |      0 |      0 |   1 |   49.0 |
        Bazaar |    323 |    323 |      0 |      0 |    164 |   1 |  323.0 |
         Sewer |    248 |    248 |      0 |     87 |    122 |   1 |  248.0 |
        Bailey |    897 |    897 |      0 |    193 |    455 |   1 |  897.0 |
      Ice Cave |   1120 |   1120 |      0 |    517 |    131 |   1 | 1120.0 |
    Desolation |   1913 |   1913 |      0 |    674 |    880 |   1 | 1913.0 |
               +--------+--------+--------+--------+--------+-----+--------+

Top non-repeatable levels by time:
    D:11: 5592 daAuts
  Lair:2: 4934 daAuts
Vaults:3: 3935 daAuts
Depths:3: 3720 daAuts
Depths:1: 3399 daAuts
   Zot:3: 3329 daAuts
Vaults:5: 3323 daAuts
Depths:5: 3298 daAuts
Vaults:4: 3205 daAuts
Vaults:2: 3085 daAuts
  Lair:6: 3081 daAuts
     D:9: 3080 daAuts
 Swamp:2: 3004 daAuts
Vaults:1: 2977 daAuts
   Elf:3: 2856 daAuts
